 Dungeon Crawl Stone Soup version 0.28-a0-863-g8cecda6153 (webtiles) character file.

Game seed: 15959335960766999723

0 i938 the Sneak (level 1, -2/9 HPs)
             Began as a Spriggan Air Elementalist on Nov 17, 2021.
             Slain by a hobgoblin (4 damage)
             ... on level 1 of the Dungeon.
             The game lasted 00:03:01 (111 turns).

i938 the Sneak (Spriggan Air Elementalist)           Turns: 111, Time: 00:03:02

Health: -2/9       AC:  2    Str:  4    XL:     1   Next: 8%
Magic:  5/5        EV: 17    Int: 16    God:
Gold:   14         SH:  0    Dex: 15    Spells: 4/5 levels left

rFire   . . .      SeeInvis +   (weapon restricted)
rCold   . . .      Faith    .   (shield restricted)
rNeg    . . .      Spirit   .   a - +0 robe
rPois   .          Reflect  .   (helmet restricted)
rElec   .          Harm     .   (no cloak)
rCorr   .          Rampage  .   (gloves unavailable)
Will    .....                   (boots unavailable)
Stlth   ++........              (no amulet)
HPRegen 0.03/turn               (no ring)
MPRegen 0.09/turn               (no ring)

@: very quick
A: very small, no large weapons, unfitting armour, see invisible, speed 3
a: no special abilities


You were on level 1 of the Dungeon.
You visited 1 branch of the dungeon, and saw 1 of its levels.

You collected 14 gold pieces.

Inventory:

Missiles
 b - 22 stones
Armour
 a - a +0 robe (worn)


   Skills:
 + Level 2.6 Dodging
 + Level 3.0 Stealth
 + Level 2.6 Spellcasting
 + Level 0.6 Conjurations
 + Level 2.7 Air Magic


You had 4 spell levels left.
You knew the following spells:

 Your Spells              Type           Power      Damage    Failure   Level
a - Shock                 Conj/Air       28%        1d4       10%         1

Your spell library contained the following spells:

 Spells                   Type           Power      Damage    Failure   Level
 Static Discharge         Conj/Air       7%         N/A       14%         2
 Swiftness                Air            10%        N/A       19%         3
 Ensorcelled Hibernation  Hex/Ice        4%         N/A       28%         2
 Tukima's Dance           Hex            2%         N/A       50%         3
 Airstrike                Air            5%         N/A       54%         4


Dungeon Overview and Level Annotations

Branches:
Dungeon (1/15)

Altars:


Innate Abilities, Weirdness & Mutations

You are very small and have problems with some larger weapons.
You are too small for most types of armour.
You have supernaturally acute eyesight. (SInv)
You cover ground extremely quickly. (Speed+++)


Message History

You hit the frilled lizard.
The frilled lizard is heavily wounded.
The frilled lizard closely misses you.
You hit the frilled lizard but do no damage.
The frilled lizard is heavily wounded.
The frilled lizard closely misses you.
You hit the frilled lizard.
You kill the frilled lizard!
You see here a frilled lizard corpse.
You see here a frilled lizard corpse.
Press: ? - help, v - describe, . - travel The floor.
Found 22 stones.
You see here 22 stones.
You see here 22 stones.
Press: ? - help, v - describe, . - travel, g - get item Item here: 22 stones.
The floor.
A kobold comes into view. It is wielding a +0 short sword.
b - 22 stones The kobold shouts!
The kobold barely misses you.
You barely miss the kobold.
A hobgoblin comes into view.
The kobold hits you with a +0 short sword.
You barely miss the kobold. The kobold misses you.
You barely miss the kobold. The kobold misses you.
The hobgoblin shouts!
You hit the kobold but do no damage.
The kobold hits you with a +0 short sword.
* * * LOW HITPOINT WARNING * * *
You closely miss the kobold. The kobold completely misses you.
You hit the kobold but do no damage. The hobgoblin closely misses you.
The kobold hits you but does no damage.
You hit the kobold but do no damage. The hobgoblin closely misses you.
The kobold closely misses you.
You hit the kobold.
The kobold is moderately wounded.
The hobgoblin hits you.
You die...

#......###
###...#....####
#....##....#..###
#....###......#.#
#...##
#........##
#....#
#......<..#
#.#.##
#........##
#.##.##
##..†#...# ##
#@.# #....#...#
#Kg.# #....##.##
..#.# ###...###
#..#.# #...####
#.#..# #....#.#
.. . # #.....##
.# . ##...## ..
#. ##..## #...#


You could see a hobgoblin and a kobold.

Vanquished Creatures
  A frilled lizard (D:1)
1 creature vanquished.

Notes
Turn   | Place    | Note
-------+----------+-------------------------------------------
     0 | D:1      | i938 the Spriggan Air Elementalist began the quest for the
                  | Orb.
     0 | D:1      | Reached XP level 1. HP: 9/9 MP: 5/5
   111 | D:1      | Slain by a hobgoblin

Illustrated notes

Levels and vault maps discovered:
D:1:      dpeg_arrival_arbitrary_a, layout_loops_corners,
          hellmonk_ecumenical_altar_zigzags, minmay_pentomino_x4

Action                   || total
-------------------------++-------
Melee: Unarmed           ||    20
Armor: Robe              ||     3
Dodge: Dodged            ||    15

Table legend: (Time is in decaauts)
 A = Elapsed time spent in this place.
 B = Non-inter-level travel time spent in this place.
 C = Inter-level travel time spent in this place.
 D = Time resting spent in this place.
 E = Time spent auto-exploring this place.
 F = Levels seen in this place.
 G = Mean time per level.
                   A        B        C        D        E       F      G
               +--------+--------+--------+--------+--------+-----+--------+
         Total |     75 |     75 |      0 |      0 |      0 |   1 |   75.0 |
       Dungeon |     75 |     75 |      0 |      0 |      0 |   1 |   75.0 |
               +--------+--------+--------+--------+--------+-----+--------+

Top non-repeatable levels by time:
     D:1: 75 daAuts
